 Dungeon Crawl Stone Soup version 0.29.1-12-g30fa7ad0bf (webtiles) character file.

Game seed: 4897403346153237250

6453 hitthewallwitha the Protected (level 10, -4/90 HPs)
             Began as a Minotaur Berserker on Dec 14, 2022.
             Was a High Priest of Trog.
             Slain by a nine-headed hydra (9 damage)
             ... on level 9 of the Dungeon.
             The game lasted 01:01:48 (9144 turns).

hitthewallwitha the Protected (Minotaur Berserker)  Turns: 9144, Time: 01:01:48

Health: -4/90      AC: 18    Str: 26    XL:     10   Next: 67%
Magic:  9/9        EV:  8    Int:  7    God:    Trog [*****.]
Gold:   260        SH: 11    Dex: 10    Spells: 9/9 levels left

rFire   . . .      SeeInvis .   n - +5 hand axe (vorpal) {Hand Axe of RIGHTEOUSNESS}
rCold   . . .      Faith    .   c - +2 kite shield
rNeg    . . .      Spirit   .   s - +1 chain mail of Untruth {Int+3}
rPois   .          Reflect  .   Z - +2 hat
rElec   .          Harm     .   (no cloak)
rCorr   .          Rampage  .   r - +3 pair of gauntlets of War {Slay+5}
Will    ++...                   (no boots)
Stlth   ..........              (no amulet)
HPRegen 0.25/turn               p - ring of willpower
MPRegen 0.11/turn               C - ring of willpower

@: no status effects
A: horns 2, retaliatory headbutt
a: Renounce Religion, Berserk, Trog's Hand, Brothers in Arms


You were on level 9 of the Dungeon.
You worshipped Trog.
Trog was extremely pleased with you.
You visited 2 branches of the dungeon, and saw 10 of its levels.

You collected 604 gold pieces.
You spent 344 gold pieces at shops.

Inventory:

Hand Weapons
 e - a +2 scimitar of electrocution
 i - the +0 hammer of Death's Door {freeze, rPois rF- rC+ rN+}
   (You found it on level 2 of the Dungeon)

   It freezes those it strikes, dealing additional cold damage.
   It can also slow down cold-blooded creatures.
   rF:        It makes you vulnerable to fire.
   rC:        It protects you from cold.
   rPois:     It protects you from poison.
   rN:        It protects you from negative energy.
 j - a +0 vorpal hand axe
 n - a +5 vorpal hand axe (weapon) {Hand Axe of RIGHTEOUSNESS}
 A - a +2 quarterstaff of chaos
 E - a +2 whip of freezing
 F - a +4 dagger of venom
 L - a +1 vorpal mace
 M - a +4 halberd
Missiles
 b - 23 poisoned darts
 g - 85 stones
 w - 2 boomerangs (quivered)
 G - 2 curare-tipped darts
 P - 3 boomerangs of dispersal
Armour
 c - a +2 kite shield (worn)
 r - the +3 pair of gauntlets of War (worn) {Slay+5}
   (You found it on level 2 of the Dungeon)

   Slay:      It affects your accuracy & damage with ranged weapons and melee
   (+5).
 s - the +1 chain mail of Untruth (worn) {Int+3}
   (You found it on level 2 of the Dungeon)

   Int:       It affects your intelligence (+3).
 W - an orb of energy
 Y - a +1 hat
 Z - a +2 hat (worn)
Magical Staves
 O - a staff of death
Jewellery
 p - a ring of willpower (left hand)
 y - a ring of positive energy
 z - the ring "Zocwierr" {*Corrode rElec rPois rN+ Str+3 SInv}
   (You found it on level 9 of the Dungeon)

   [ring of see invisible]

   Str:       It affects your strength (+3).
   rElec:     It insulates you from electricity.
   rPois:     It protects you from poison.
   rN:        It protects you from negative energy.
   SInv:      It lets you see invisible.
   *Corrode:  It may corrode you when you take damage.
 C - a ring of willpower (right hand)
Wands
 m - a wand of mindburst (10)
 u - a wand of paralysis (11)
 D - a wand of flame (19)
Scrolls
 d - a scroll of torment {unknown}
 h - 5 scrolls of fear
 k - 2 scrolls of immolation
 o - 3 scrolls of vulnerability
 q - a scroll of silence
 t - 2 scrolls of magic mapping
 v - 6 scrolls of enchant armour {unknown}
 I - 3 scrolls of teleportation {unknown}
 R - 3 scrolls of blinking
 S - 2 scrolls of noise {unknown}
 V - a scroll of poison {unknown}
Potions
 a - a potion of attraction
 f - 2 potions of lignification
 l - a potion of resistance {unknown}
 x - a potion of brilliance {unknown}
 B - a potion of degeneration
 H - a potion of might {unknown}
 J - a potion of haste {unknown}
 K - a potion of flight {unknown}
 N - a potion of heal wounds {unknown}
 X - 2 potions of curing {unknown}


   Skills:
 + Level 8.5 Fighting
 + Level 8.9(10.8) Axes
 + Level 7.9(9.7) Maces & Flails
 + Level 5.2(7.7) Polearms
 + Level 9.5 Armour
 + Level 4.4 Dodging
 + Level 1.6 Stealth
 + Level 7.3 Shields


You had 9 spell levels left.
You didn't know any spells.
Your spell library contained the following spells:

 Spells                   Type           Power      Damage    Failure   Level
 Blink                    Tloc           0%         N/A       100%        2
 Confusing Touch          Hex            0%         N/A       100%        3
 Ignite Poison            Fire/Tmut/Pois 0%         N/A       100%        3
 Lesser Beckoning         Tloc           0%         N/A       100%        3
 Mephitic Cloud           Conj/Pois/Air  0%         N/A       100%        3
 Summon Guardian Golem    Hex/Summ       0%         N/A       100%        3
 Tukima's Dance           Hex            0%         N/A       100%        3
 Passage of Golubria      Tloc           0%         N/A       100%        4
 Alistair's Intoxication  Tmut/Pois      0%         N/A       100%        5
 Borgnjor's Vile Clutch   Necr/Erth      0%         N/A       100%        5
 Freezing Cloud           Conj/Ice/Air   0%         6-21      100%        5
 Manifold Assault         Tloc           0%         N/A       100%        5
 Yara's Violent Unravell  Hex/Tmut       0%         3d3       100%        5
 Eringya's Noxious Bog    Tmut/Pois      0%         N/A       100%        6
 Enfeeble                 Hex            0%         N/A       100%        7
 Orb of Destruction       Conj           0%         9d5       100%        7
 Spellforged Servitor     Conj/Summ      0%         N/A       100%        7


Dungeon Overview and Level Annotations

Branches:
Dungeon (9/15)             Temple (1/1) D:6
   Lair: D:8-11         Orc: D:9-12

Altars:
Ashenzari
Cheibriados
Elyvilon
Fedhas
Gozag
Hepliaklqana
Kikubaaqudgha
Makhleb
Qazlal
Ru
Sif Muna
Trog
Uskayaw
Wu Jian
Zin
The Shining One

Shops:
D:5 (

Annotations:
D:9 2 runed translucent doors


Innate Abilities, Weirdness & Mutations

You have a pair of horns on your head.
You reflexively headbutt those who attack you in melee.


Message History

The seven-headed hydra bites you but does no damage.
The seven-headed hydra bites you.
The seven-headed hydra bites you but does no damage.
You block the seven-headed hydra's attack. x2
The seven-headed hydra bites you!
The seven-headed hydra bites you but does no damage.
You lop one of the seven-headed hydra's heads off!
The six-headed hydra grows two more!
You slash the eight-headed hydra! You headbutt the eight-headed hydra!!
The eight-headed hydra is severely wounded.
The eight-headed hydra bites you but does no damage.
You block the eight-headed hydra's attack.
The eight-headed hydra bites you but does no damage.
The eight-headed hydra barely misses you.
The eight-headed hydra misses you.
The eight-headed hydra barely misses you.
The eight-headed hydra bites you!
* * * LOW HITPOINT WARNING * * *
The eight-headed hydra closely misses you.
You barely miss the eight-headed hydra. You headbutt the eight-headed hydra!
The eight-headed hydra is severely wounded.
The eight-headed hydra bites you.
* * * LOW HITPOINT WARNING * * *
You block the eight-headed hydra's attack.
The eight-headed hydra bites you but does no damage.
The eight-headed hydra closely misses you.
The eight-headed hydra bites you but does no damage. x2
The eight-headed hydra barely misses you.
The eight-headed hydra bites you but does no damage.
You slice one of the eight-headed hydra's heads off!
The seven-headed hydra grows two more!
You slash the nine-headed hydra!
The nine-headed hydra is almost dead.
The nine-headed hydra bites you but does no damage. x2
The nine-headed hydra bites you!
* * * LOW HITPOINT WARNING * * *
The nine-headed hydra bites you.
* * * LOW HITPOINT WARNING * * *
The nine-headed hydra bites you but does no damage.
The nine-headed hydra bites you!
You die...

#.# ###..##.#8....8#
..## #.....#[....$#
...## #.#...#[....[#
....# #.#.#.#8....8#
....# #.#.#.##8..8# #
'#######......##''##.+
#....≈###.........○..#
#....≈# #.#....D†#...#
#....≈#........)@)...#
#≈≈≈≈≈###.#.#####)....#
######'.#.#.# ....... .
...... ....... ..
....... ....... ..
......... ....... .#.
....... .. ##.##..


You could see a nine-headed hydra.

Vanquished Creatures
  Pikel (D:5)
  A deep elf pyromancer (D:9)
  An unseen horror (D:8)
  2 hornets (D:9)
  7 yaks
  A spriggan (D:7)
  Menkaure (D:5)
  Edmund (D:5)
  2 water moccasins
  4 orc warriors
  A black bear (D:6)
  A sky beast (D:8)
  An ice beast (D:7)
  A lemure (D:5)
  3 centaurs
  2 phantoms
  Blork the orc (D:6)
  3 kobold brigands
  3 bullfrogs
  3 scorpions
  4 wights (D:9)
  4 killer bees (D:9)
  5 electric eels (D:7)
  3 howler monkeys
  3 hounds
  A jelly (D:6)
  Crazy Yiuf (D:2)
  7 orc priests
  8 iguanas
  Jessica (D:2)
  An orc wizard (D:8)
  Ijyb (D:4)
  Robin (D:2)
  7 gnolls
  10 adders
  A shadow imp (D:8)
  2 white imps
  2 ufetubi (D:5)
  4 worms
  11 dart slugs
  24 orcs
  12 endoplasms
  6 giant cockroaches
  16 goblins
  8 hobgoblins
  6 jackals
  3 quokkas
  4 ball pythons
  5 bats
  5 frilled lizards
  21 kobolds
  4 rats (D:1)
231 creatures vanquished.

Vanquished Creatures (others)
  2 plants (D:3)
2 creatures vanquished.

Grand Total: 233 creatures vanquished

Notes
Turn   | Place    | Note
-------+----------+-------------------------------------------
     0 | D:1      | hitthewallwitha the Minotaur Berserker began the quest for
                  | the Orb.
     0 | D:1      | Reached XP level 1. HP: 19/19 MP: 0/0
   506 | D:1      | Reached XP level 2. HP: 27/27 MP: 1/1
   925 | D:1      | Reached ** piety under Trog
   931 | D:1      | Reached XP level 3. HP: 33/33 MP: 2/2
  1169 | D:2      | Found the +3 pair of gauntlets of War {Slay+5}
  1185 | D:2      | Identified the +0 hammer of Death's Door {freeze, rPois rF-
                  | rC+ rN+}
  1225 | D:2      | Identified the +1 chain mail of Untruth {Int+3}
  1367 | D:2      | Found a runed translucent door.
  1368 | D:2      | Noticed Crazy Yiuf
  1376 | D:2      | Killed Crazy Yiuf
  1377 | D:2      | Reached XP level 4. HP: 34/40 MP: 3/3
  1445 | D:2      | Noticed Robin
  1464 | D:2      | Reached skill level 5 in Polearms
  1473 | D:2      | Killed Robin
  1568 | D:2      | Reached skill level 3 in Armour
  1628 | D:2      | Noticed Jessica
  1634 | D:2      | Killed Jessica
  1635 | D:2      | Reached skill level 1 in Maces & Flails
  1635 | D:2      | Reached XP level 5. HP: 45/47 MP: 4/4
  1790 | D:2      | Reached *** piety under Trog
  1952 | D:3      | Found a faded altar of an unknown god.
  2071 | D:3      | Found a white marble altar of Elyvilon.
  2321 | D:3      | Found a broken altar of Ashenzari.
  2335 | D:3      | Reached skill level 4 in Armour
  2349 | D:3      | Reached XP level 6. HP: 53/53 MP: 5/5
  2503 | D:3      | Found a snail-covered altar of Cheibriados.
  2591 | D:4      | Noticed Ijyb
  2595 | D:4      | Killed Ijyb
  2595 | D:4      | Reached **** piety under Trog
  2784 | D:4      | Found a burning altar of Makhleb.
  3279 | D:5      | Entered Level 5 of the Dungeon
  3289 | D:5      | Noticed a water moccasin
  3296 | D:5      | Killed a water moccasin
  3297 | D:5      | Reached skill level 1 in Shields
  3297 | D:5      | Reached XP level 7. HP: 42/60 MP: 6/6
  3312 | D:5      | Noticed Pikel
  3315 | D:5      | Noticed Menkaure
  3328 | D:5      | Reached skill level 5 in Maces & Flails
  3330 | D:5      | Killed Pikel
  3331 | D:5      | Reached skill level 5 in Fighting
  3331 | D:5      | Reached skill level 5 in Armour
  3331 | D:5      | Reached skill level 1 in Stealth
  3332 | D:5      | Killed Menkaure
  3333 | D:5      | Reached XP level 8. HP: 7/68 MP: 7/7
  3831 | D:5      | Noticed Edmund
  3846 | D:5      | Killed Edmund
  3847 | D:5      | Reached skill level 6 in Armour
  4147 | D:5      | Found Dadiaw's Weapon Emporium.
  4508 | D:5      | Bought a +4 vorpal hand axe for 344 gold pieces
  4559 | D:6      | Found a staircase to the Ecumenical Temple.
  4597 | Temple   | Entered the Ecumenical Temple
  4719 | D:6      | Reached skill level 1 in Axes
  4835 | D:6      | Noticed Blork the orc
  4842 | D:6      | Killed Blork the orc
  4850 | D:6      | Found a hide-covered altar of Uskayaw.
  4868 | D:6      | Reached skill level 7 in Armour
  5055 | D:6      | Reached XP level 9. HP: 66/78 MP: 8/8
  5190 | D:6      | Found a glowing golden altar of the Shining One.
  5406 | D:7      | Reached skill level 5 in Shields
  6833 | D:8      | Reached skill level 5 in Axes
  6845 | D:8      | Reached ***** piety under Trog
  6849 | D:8      | Reached skill level 8 in Armour
  7227 | D:8      | Reached XP level 10. HP: 86/86 MP: 9/9
  8908 | D:9      | Identified the ring "Zocwierr" {*Corrode rElec rPois rN+
                  | Str+3 SInv}
  8930 | D:9      | Reached skill level 9 in Armour
  9108 | D:9      | Noticed a four-headed hydra
  9108 | D:9      | Noticed a deep elf pyromancer
  9110 | D:9      | Found a large runed translucent door.
  9111 | D:9      | Found a large runed translucent door.
  9114 | D:9      | Found a large runed translucent door.
  9114 | D:9      | Found a large runed translucent door.
  9140 | D:9      | Killed a deep elf pyromancer
  9144 | D:9      | Slain by a nine-headed hydra

Illustrated notes

Levels and vault maps discovered:
D:1:      wander_arrival_lonely_grave, layout_rooms
D:2:      layout_basic, hangedman_decor_points, minmay_misc_feat_secret_circle,
          uniq_robin, uniq_jessica, uniq_crazy_yiuf_cottage
D:3:      layout_basic, elyvilon_altar_5, marbit_many_paths,
          mainiacjoe_overflow_small_starburst, ebering_ecumenical_altar_rust,
          serial_bayou_pond_d
D:4:      layout_gridville, bloody_makhleb, uniq_ijyb
D:5:      layout_rooms, serial_shops, shop, uniq_menkaure, uniq_pikel,
          uniq_edmund
D:6:      minmay_inner_zag, layout_basic, lemuel_tele_altar,
          general_overflow_altar, minmay_temple_entry_slanted,
          uniq_blork_the_orc
D:7:      kennysheep_slugbush, layout_basic, the_hattery
D:8:      layout_layer_cave
D:9:      layout_rooms, serial_rivers, chequers_serial_rivers_small_a,
          chequers_serial_rivers_micro_a, chequers_serial_rivers_room_a,
          chequers_serial_rivers_micro_e, chequers_serial_rivers_micro_e,
          enter_bailey_1, chequers_arboretum, minmay_misc_feat_tower,
          minmay_hollow_rounded_squares
Temple:   hellmonk_temple_of_storms

Skill      XL: |  1  2  3  4  5  6  7  8  9 10 |
---------------+-------------------------------+-----
Polearms       | 4 5 |  5.2
Fighting       | 4 5 6 7 8 |  8.5
Dodging        | 3 4 |  4.4
Armour         | 3 4 5 7 8 9 |  9.5
Maces & Flails | 1 3 4 6 7 |  7.9
Shields        | 1 2 4 6 7 |  7.3
Stealth        | 1 |  1.6
Axes           | 1 6 8 |  8.9

Action                   |  1- 3 |  4- 6 |  7- 9 | 10-12 || total
-------------------------+-------+-------+-------+-------++-------
Melee: Spear             |    79 |       |       |       ||    79
       Headbutt          |    10 |    21 |    32 |    13 ||    76
       Punch             |     1 |     1 |       |       ||     2
       Mace              |    14 |    98 |       |       ||   112
       Whip              |       |    31 |    64 |       ||    95
       Hand axe          |       |       |   117 |    94 ||   211
Throw: Boomerang         |       |       |       |     1 ||     1
Invok: Trog's Hand       |       |       |     1 |       ||     1
Evoke: Wand              |       |       |     1 |     7 ||     8
  Use: Scroll            |     4 |     5 |     5 |     1 ||    15
       Potion            |       |       |     4 |       ||     4
 Stab: Invisible         |       |       |     1 |       ||     1
Armor: Animal skin       |     9 |       |       |       ||     9
       Chain mail        |     5 |    73 |   108 |    94 ||   280
       Leather armour    |     1 |       |       |       ||     1
Dodge: Dodged            |    53 |    52 |    81 |    27 ||   213
Block: Kite shield       |       |    10 |    99 |    69 ||   178
